 Dungeon Sprint DCSS version 0.31-a0-345-g1ebeae05c6 (webtiles) character file.

Game seed: 9989843328308437766

103 rocky1 the Ruffian (level 4, -10/72 HPs)
             Began as a Troll Shapeshifter on July 23, 2023.
             Mangled by a human
             ... wielding a +0 club
              (12 damage)
             ... in the Dungeon (Sprint III: "The Ten Rune Challenge").
             The game lasted 00:00:41 (345 turns).

rocky1 the Ruffian (Troll Shapeshifter)              Turns: 345, Time: 00:00:42

Health: -10/72     AC:  4    Str: 25    XL:     4   Next: 51%
Magic:  3/3        EV: 10    Int:  4    God:
Gold:   0          SH:  0    Dex: 10    Spells: 3/3 levels left

rFire   . .          .
                       - Unarmed
rCold   . . .        (no shield)
rNeg    . . .        a - +0 animal skin
rPois   .            (helmet currently unavailable)
rElec   .            (cloak currently unavailable)
rCorr   .            (gloves unavailable)
SInv    .            (boots unavailable)
Will    .....        (no amulet) Stlth
                     (no ring)
HPRegen 1.12/turn    (no ring)
MPRegen 0.08/turn

%: no teleportation
@: berserking, beast-form, very quick
A: beast (slay +3), large, unfitting armour, claws 3, regeneration 1, shaggy fur
1, tough skin 1
a: Begin Untransformation


You were in the Dungeon.
You were a hulking beast.
You visited 1 branch

Inventory:

Armour
 a - a +0 animal skin (worn)
Talismans
 c - a beast talisman
Scrolls
 i - a scroll of blinking
Potions
 b - a potion of lignification
 d - a potion of curing
 e - a potion of heal wounds
 f - a potion of haste
 g - 2 potions of magic


   Skills:
 + Level 3.6 Fighting
 + Level 4.0 Dodging
 + Level 5.3 Unarmed Combat
 + Level 4.8 Shapeshifting


You had 3 spell levels left.
You didn't know any spells.
Your spell library was empty.

Dungeon Overview and Level Annotations

Branches:
Dungeon (1/1)

Altars:


Innate Abilities, Weirdness & Mutations

You are a hulking beast.
Your limbs bulge with bestial killing power. (Slay +3)
You are too large for most types of armour.
You have claws for hands.
Your natural rate of healing is unusually fast.
You are covered in fur. (AC +1)
You have tough skin. (AC +1)


Message History

You claw the water elemental!
The water elemental is severely damaged.
* * * LOW HITPOINT WARNING * * *
Your lungs strain for air!
The water elemental completely misses you.
You claw the water elemental!
You destroy the water elemental!
The water engulfing you falls away.
You gasp with relief as air once again reaches your lungs.
Your Fighting skill increases to level 3!
Your Dodging skill increases to level 4!
Your Unarmed Combat skill increases to level 5!
You have reached level 4!
You start resting.
You hear a shout! x3
Something unseen opens the door.
You start resting.
A human comes into view. It is wielding a +0 club.
A human is nearby!
A human comes into view.
The human rages.
A red film seems to cover your vision as you go berserk!
You feel yourself moving faster!
You feel mighty! The human hits you with a +0 club!
* * * LOW HITPOINT WARNING * * *
The human barely misses you.
You claw the human!
The human is moderately wounded.
You claw the human!
The human is heavily wounded.
The human hits you with a +0 club!
* * * LOW HITPOINT WARNING * * *
You claw the human!
The human is severely wounded.
The human hits you with a +0 club!
* * * LOW HITPOINT WARNING * * *
You closely miss the human.
The human is severely wounded.
The human hits you with a +0 club!
You die...

▓<..#[..#### ##.#
▓...#......## #..#
▓..##.......# #..#
▓##.##.##.).# #..# #+#'#
##.##.###..# +#..#......
▓#.####.##..# #..p'.⌠....
▓.###..##..####...#...###
▓#.....##..###....# ⌠.#
###..##..h##.....# .#
##..##...p#.p....# #
#..###..##.#.....# #[.#
#..#####....# ▓▓▓▓ ▓▓▓▓
▓▓▓▓▓▓


You could see a human (berserk).

Vanquished Creatures
  A water elemental (D)
  Jessica (D)
  A human (D)
  A phantom (D)
  An endoplasm (D)
  A rat (D)
6 creatures vanquished.

Notes
Turn   | Place    | Note
-------+----------+-------------------------------------------
     0 | D        | rocky1 the Troll Shapeshifter began the quest for the Orb.
     0 | D        | Reached XP level 1. HP: 18/18 MP: 0/0
    11 | D        | Reached skill level 1 in Fighting
    22 | D        | Noticed Jessica
    26 | D        | Killed Jessica
    27 | D        | Reached skill level 4 in Unarmed Combat
    27 | D        | Reached XP level 2. HP: 29/29 MP: 1/1
    52 | D        | Reached XP level 3. HP: 27/36 MP: 2/2
   317 | D        | Noticed a water elemental
   321 | D        | HP: 1/36 [drowned by a water elemental (5)]
   322 | D        | Killed a water elemental
   323 | D        | Reached skill level 5 in Unarmed Combat
   323 | D        | Reached XP level 4. HP: 4/48 MP: 3/3
   331 | D        | Noticed a human
   332 | D        | Noticed a human
   344 | D        | HP: 1/72 [human/+0 club (11)]
   345 | D        | Mangled by a human

Illustrated notes

Levels and vault maps discovered:
D:        dungeon_sprint_mu [sprint_mu_entry_cave, sprint_mu_temple_rooms,
          sprint_mu_d1_spiders, sprint_mu_d2_genie, sprint_mu_d3_branching,
          sprint_mu_orc_legion, sprint_mu_elf_gauntlet, sprint_mu_hive_nellie,
          sprint_mu_lair_fedhas, sprint_mu_vaults_butterflies,
          sprint_mu_slime_circle, sprint_mu_swamp_cave, sprint_mu_shoals_archi,
          sprint_mu_blade_basic, sprint_mu_crypt_chambers,
          sprint_mu_tomb_spiral, sprint_mu_vestibule_basic,
          sprint_mu_gehenna_hellfire, sprint_mu_dis_giant,
          sprint_mu_tartarus_statrot, sprint_mu_cocytus_islands, sprint_mu_zot1]

Skill      XL: |  1  2  3 |
---------------+----------+-----
Fighting       | 2 3 |  3.6
Dodging        | 2 3 4 |  4.0
Unarmed Combat | 4 5 |  5.3
Shapeshifting  | 4 |  4.8

Action                     |  1- 3 |  4- 6 || total
---------------------------+-------+-------++-------
  Melee: Unarmed           |    23 |     4 ||    27
    Use: Potion            |       |     1 ||     1
   Stab: Sleeping          |     1 |       ||     1
 Armour: Animal skin       |     1 |       ||     1
  Dodge: Dodged            |    12 |     1 ||    13

Table legend: (Time is in decaauts)
 A = Elapsed time spent in this place.
 B = Non-inter-level travel time spent in this place.
 C = Inter-level travel time spent in this place.
 D = Time resting spent in this place.
 E = Time spent auto-exploring this place.
 F = Levels seen in this place.
 G = Mean time per level.
                   A        B        C        D        E       F      G
               +--------+--------+--------+--------+--------+-----+--------+
         Total |    341 |    341 |      0 |    252 |     38 |   1 |  341.0 |
       Dungeon |    341 |    341 |      0 |    252 |     38 |   1 |  341.0 |
               +--------+--------+--------+--------+--------+-----+--------+

Top non-repeatable levels by time:
       D: 341 daAuts
